 Dungeon Crawl Stone Soup version 0.28.0 (webtiles) character file.

Game seed: 1581024344674940015

3192 HallandMoats the Skirmisher (level 9, -7/81 HPs)
             Began as a Ghoul Monk on Feb 12, 2022.
             Was an Elder of Okawaru.
             Mangled by a two-headed ogre (18 damage)
             ... on level 9 of the Dungeon.
             The game lasted 00:09:01 (8435 turns).

HallandMoats the Skirmisher (Ghoul Monk)            Turns: 8435, Time: 00:09:02

Health: -7/81      AC:  9    Str: 19    XL:     9   Next: 96%
Magic:  10/11      EV: 14    Int:  5    God:    Okawaru [****..]
Gold:   400        SH:  0    Dex: 11    Spells: 8/8 levels left

rFire   . . .      SeeInvis .   k - +10 dagger of Lies {spect, rElec}
rCold   + . .      Faith    .   (no shield)
rNeg    + + +      Spirit   .   b - +0 ring mail
rPois   ∞          Reflect  .   (no helmet)
rElec   +          Harm     .   c - +0 cloak
rCorr   .          Rampage  .   (no gloves)
Will    .....                   m - +0 pair of boots
Stlth   ++++......              (no amulet)
HPRegen 0.00/turn               (no ring)
MPRegen 0.12/turn               (no ring)

@: heroic, inhibited regen
A: claws 1, cold resistance 1, negative energy resistance 3, inhibited
regeneration, torment resistance 2
a: Renounce Religion, Heroism, Finesse


You were on level 9 of the Dungeon.
You worshipped Okawaru.
Okawaru was greatly pleased with you.
You visited 2 branches of the dungeon, and saw 10 of its levels.
You also visited: Sewer.

You collected 400 gold pieces.

Inventory:

Hand Weapons
 k - the +10 dagger of Lies (weapon) {spect, rElec}
   (You found it on level 2 of the Dungeon)

   When its wielder attacks, the weapon's spirit leaps out and strikes again.
   The spirit shares a part of any damage it takes with its wielder.
   rElec:     It insulates you from electricity.
 C - the +7 long sword "Kon Beda" {flame, Will+}
   (You found it on level 8 of the Dungeon)

   It burns those it strikes, dealing additional fire damage.
   Big, fiery blades are also staple armaments of hydra-hunters.
   Will:      It increases your willpower.
Armour
 b - a +0 ring mail (worn)
 c - a +0 cloak (worn)
 m - a +0 pair of boots (worn)
Jewellery
 e - a ring of wizardry
 n - a ring of see invisible
 x - a +6 ring of intelligence
 z - a ring of fire
Wands
 r - a wand of flame (50)
 v - a wand of iceblast (6)
 y - a wand of digging (8)
Scrolls
 f - a scroll of teleportation
 g - 6 scrolls of identify
 j - a scroll of fear
 l - 4 scrolls of blinking
 o - 2 scrolls of enchant weapon
 q - 4 scrolls of fog
 s - a scroll of magic mapping
 t - 2 scrolls of immolation
 u - a scroll of brand weapon
Potions
 a - 4 potions of heal wounds {unknown}
 d - 2 potions of mutation {unknown}
 h - 3 potions of invisibility {unknown}
 i - 3 potions of resistance {unknown}
 p - 2 potions of curing {unknown}
 w - 2 potions of might {unknown}
 A - a potion of berserk rage {unknown}
 B - a potion of attraction {unknown}


   Skills:
 * Level 7.9(12.9) Fighting
 + Level 3.8(8.8) Armour
 + Level 5.0(10.0) Dodging
 + Level 7.2(12.2) Stealth
 * Level 1.6(6.6) Shields
 * Level 7.8(12.8) Unarmed Combat
 + Level 4.7 Invocations


You had 8 spell levels left.
You didn't know any spells.
Your spell library contained the following spells:

 Spells                   Type           Power      Damage    Failure   Level
 Sting                    Tmut/Pois      0%         1d3       63%         1
 Corpse Rot               Necr/Air       0%         N/A       77%         2
 Ensorcelled Hibernation  Hex/Ice        0%         N/A       77%         2
 Poisonous Vapours        Pois/Air       0%         N/A       77%         2
 Anguish                  Hex/Necr       0%         N/A       100%        4
 Olgreb's Toxic Radiance  Pois           0%         N/A       100%        4
 Fireball                 Conj/Fire      0%         3d3       100%        5
 Iskenderun's Battlesphe  Conj           0%         2d6       100%        5
 Conjure Ball Lightning   Conj/Air       0%         3x3d6     100%        6
 Orb of Destruction       Conj           0%         9d5       100%        7
 Spider Form              Tmut/Pois      Unusable   N/A       N/A         3

Dungeon Overview and Level Annotations

Branches:
Dungeon (9/15)             Temple (1/1) D:4           Sewer (visited)
   Lair: D:8-11         Orc: D:9-12

Altars:
Ashenzari
Cheibriados
Dithmenos
Elyvilon
Fedhas
Gozag
Hepliaklqana
Kikubaaqudgha
Makhleb
Nemelex Xobeh
Okawaru
Qazlal
Ru
Sif Muna
Trog
Uskayaw
Vehumet
Wu Jian
Xom
Yredelemnul
Zin
The Shining One

Shops:
D:1 (   D:7 :   D:8 *

Annotations:
D:6 2 transporters


Innate Abilities, Weirdness & Mutations

You thrive by killing the living.
You are immune to poison.
You have sharp fingernails.
Your flesh is cold resistant. (rC+)
You are immune to negative energy. (rN+++)
You do not regenerate when monsters are visible.
You are immune to unholy pain and torment.


Message History

The yak is lightly wounded.
Your +10 dagger of Lies {spect, rElec} barely misses the yak.
The yak completely misses you. The yak gores you! The yak gores you.
You completely miss the yak.
The yak is lightly wounded.
Your +10 dagger of Lies {spect, rElec} closely misses the yak.
The yak gores you. The yak gores you!
You gain the combat prowess of a mighty hero.
The yak gores you!
You hit the yak but do no damage. The yak gores you.
You puncture the yak!
The yak is moderately wounded.
You puncture the yak!
The yak is heavily wounded.
The yak barely misses you.
You puncture the yak!
The yak is severely wounded.
The yak gores you.
You hit the yak.
The yak is severely wounded.
Your +10 dagger of Lies {spect, rElec} hits the yak!
The yak closely misses your +10 dagger of Lies {spect, rElec}.
You hit the yak but do no damage.
The yak is almost dead.
Your +10 dagger of Lies {spect, rElec} hits the yak!
You kill the yak!
Okawaru accepts your kill. The two-headed ogre closely misses you.
The two-headed ogre hits you with a +0 giant club!
* * * LOW HITPOINT WARNING * * *
You hit the two-headed ogre.
The two-headed ogre is lightly wounded.
Your +10 dagger of Lies {spect, rElec} hits the two-headed ogre!
You hit the two-headed ogre but do no damage.
The two-headed ogre is moderately wounded.
Your +10 dagger of Lies {spect, rElec} hits the two-headed ogre.
The two-headed ogre completely misses you.
The two-headed ogre hits you with a +0 giant club!!
You die...

................##.##
.###.####.#.........##
# #.#..###.....##.
##.###.#..# #.#.......
#......Y..# #<....###.
#..###Y##.###......# #
#Y##..##...#..#
####O###.###..####
#..@(# #O##...#.$#
......#### #YY#......#
...8. #YY......# ....
#....###... ...
##.....# .. #...#..# .
#...#### #....#
#.......


You could see a two-headed ogre, 3 yaks and a friendly +10 dagger of Lies
{spect, rElec} (summoned).

Vanquished Creatures
  A troll (D:6)
  A hornet (D:7)
  A yak (D:9)
  Eustachio (D:4)
  A water moccasin (D:7)
  An orc warrior (D:6)
  A black bear (D:8)
  A sky beast (D:7)
  2 ice beasts
  A centaur (D:7)
  3 ogres
  A phantom (D:4)
  3 bullfrogs
  Blork the orc (D:4)
  2 gnoll sergeants
  2 scorpions
  A wyvern zombie (D:5)
  A water moccasin skeleton (D:5)
  A howler monkey (D:8)
  A centaur zombie (D:9)
  A hound (D:6)
  2 jellies
  An orc priest (D:2)
  A gnoll shaman (D:8)
  A bullfrog skeleton (D:5)
  Natasha (twice) (D:2)
  3 orc wizards
  A killer bee zombie (D:6)
  2 hound skeletons (D:4)
  12 adders
  19 gnolls
  A shadow imp (D:4)
  3 worms
  5 dart slugs
  14 orcs
  20 endoplasms
  18 giant cockroaches
  7 goblins
  13 hobgoblins
  3 jackals (D:4)
  5 kobolds
  12 quokkas
  15 ball pythons
  2 bats (D:2)
  15 frilled lizards
  6 rats
211 creatures vanquished.

Vanquished Creatures (others)
  A jelly (D:6)
1 creature vanquished.

Grand Total: 212 creatures vanquished

Notes
Turn   | Place    | Note
-------+----------+-------------------------------------------
     0 | D:1      | HallandMoats the Ghoul Monk began the quest for the Orb.
     0 | D:1      | Reached XP level 1. HP: 19/19 MP: 0/0
   201 | D:1      | Reached XP level 2. HP: 26/26 MP: 1/1
   330 | D:1      | Found a faded altar of an unknown god.
   384 | D:1      | Found Iduminucw's Weapon Boutique.
   578 | D:1      | Reached skill level 1 in Invocations
   591 | D:1      | Reached XP level 3. HP: 33/33 MP: 2/2
  1047 | D:2      | Identified the +10 dagger of Lies {spect, rElec}
  1124 | D:2      | Noticed Natasha
  1129 | D:2      | Killed Natasha
  1130 | D:2      | Reached XP level 4. HP: 39/40 MP: 3/3
  1289 | D:2      | Reached skill level 1 in Armour
  1383 | D:2      | Noticed Natasha
  1385 | D:2      | Killed Natasha
  1386 | D:2      | Reached XP level 5. HP: 46/46 MP: 5/5
  2109 | D:3      | Found a basalt altar of Yredelemnul.
  2378 | D:4      | Noticed an ogre
  2383 | D:4      | Killed an ogre
  2384 | D:4      | Reached XP level 6. HP: 49/53 MP: 6/6
  2408 | D:4      | Noticed Blork the orc
  2415 | D:4      | Killed Blork the orc
  2528 | D:4      | Found a staircase to the Ecumenical Temple.
  2550 | Temple   | Entered the Ecumenical Temple
  2747 | Temple   | Became a worshipper of Warmaster Okawaru
  2747 | Temple   | Reached * piety under Okawaru
  2747 | Temple   | Reached ** piety under Okawaru
  2877 | D:4      | Noticed Eustachio
  2900 | D:4      | Reached skill level 5 in Fighting
  2903 | D:4      | Killed Eustachio
  2904 | D:4      | Reached skill level 5 in Unarmed Combat
  2904 | D:4      | Reached XP level 7. HP: 36/61 MP: 7/7
  3268 | D:5      | Entered Level 5 of the Dungeon
  3545 | D:5      | Found a glowing drain.
  3562 | D:5      | Reached XP level 8. HP: 70/70 MP: 9/9
  3565 | Sewer    | Entered a sewer
  3889 | Sewer    | Reached *** piety under Okawaru
  3892 | Sewer    | Reached skill level 5 in Stealth
  4964 | D:6      | Found an opulent altar of Gozag.
  4964 | D:6      | Found a hazy altar of Hepliaklqana.
  4966 | D:6      | Noticed a troll
  4968 | D:6      | Found a transporter.
  4979 | D:6      | Found a transporter.
  5015 | D:6      | Noticed a troll
  5468 | D:6      | Found an ancient bone altar of Kikubaaqudgha.
  5511 | D:6      | Reached XP level 9. HP: 52/78 MP: 10/10
  6017 | D:5      | Found a burning altar of Makhleb.
  6238 | D:6      | Killed a troll
  6579 | D:7      | Found Asoigonirgh's Book Shoppe.
  6625 | D:7      | Reached **** piety under Okawaru
  6802 | D:7      | Noticed a hornet
  6810 | D:7      | Killed a hornet
  7019 | D:7      | Found a radiant altar of Vehumet.
  7174 | D:7      | Found a snail-covered altar of Cheibriados.
  7448 | D:8      | Identified the +7 long sword "Kon Beda" {flame, Will+}
  7677 | D:8      | Found Piokhlie's General Store.
  7890 | D:8      | Reached skill level 1 in Shields
  7911 | D:8      | Reached skill level 5 in Dodging
  8406 | D:9      | Noticed a two-headed ogre
  8407 | D:9      | Noticed a two-headed ogre
  8435 | D:9      | Mangled by a two-headed ogre

Illustrated notes

Levels and vault maps discovered:
D:1:      lemuel_arrival_hallway, layout_basic,
          ebering_ecumenical_altar_petrified, serial_shops,
          nicolae_shop_waterfront, minmay_tiny_reverse_x
D:2:      layout_basic, st_stairs_7, minmay_tromino_v4_a, uniq_natasha
D:3:      layout_basic, mainiacjoe_overflow_brackets
D:4:      layout_basic, minmay_temple_entry_stoned_glass, uniq_ijyb,
          uniq_eustachio, uniq_blork_the_orc
D:5:      layout_basic, nicolae_overflow_hidden_temple,
          cheibrodos_sewer_entry_bend
D:6:      layout_rooms, mainiacjoe_overflow_catwalk,
          gammafunk_temple_overflow_arena, lemuel_flame_loot_1
D:7:      layout_loops_cross, fiery_altar_vehumet, chei_slow_surprise,
          serial_shops, shop, minmay_tree_intersection
D:8:      layout_loops_cross, serial_shops, shop_fountains, sigmund_army
D:9:      hangedman_cross_cluster, layout_loops_ring, david_orc_2,
          nicolae_shop_self_help
Temple:   regret_index_temple_generic_petals

Skill      XL: |  1  2  3  4  5  6  7  8  9 |
---------------+----------------------------+-----
Invocations    | 1 2 3 4 |  4.7
Dodging        | 3 4 5 |  5.0
Fighting       | 4 5 6 7 |  7.9
Unarmed Combat | 4 5 6 7 |  7.8
Armour         | 1 2 3 |  3.8
Stealth        | 3 4 6 7 |  7.2
Shields        | 1 |  1.6

Action                   |  1- 3 |  4- 6 |  7- 9 || total
-------------------------+-------+-------+-------++-------
Melee: Unarmed           |    73 |       |       ||    73
       Punch             |     2 |     2 |     8 ||    12
       Dagger            |     6 |    85 |   277 ||   368
Invok: Heroism           |       |       |     1 ||     1
  Use: Scroll            |       |       |    12 ||    12
 Stab: Sleeping          |       |     3 |     4 ||     7
       Distracted        |       |     1 |     2 ||     3
Armor: Ring mail         |    26 |    29 |   122 ||   177
Dodge: Dodged            |    33 |    51 |   183 ||   267
